 Dungeon Crawl Stone Soup version 0.31-a0-210-gccc998df9b (webtiles) character file.

Game seed: 15518645488145156614

42 qw the Shooter (level 3, 0/29 HPs)
             Began as a Minotaur Hexslinger on June 29, 2023.
             Slain by an orc priest
             ... wielding a +0 hand axe
              (4 damage)
             ... on level 3 of the Dungeon.
             The game lasted 00:00:25 (1018 turns).

qw the Shooter (Minotaur Hexslinger)                Turns: 1018, Time: 00:00:26

Health: 0/29       AC:  2    Str: 12    XL:     3   Next: 35%
Magic:  3/3        EV: 12    Int: 10    God:
Gold:   173        SH:  0    Dex: 14    Spells: 3/4 levels left

rFire   . . .        Y - +2 sling
rCold   . . .        (no shield)
rNeg    . . .        c - +0 robe
rPois   .            (helmet restricted)
rElec   .            (no cloak)
rCorr   .            (no gloves)
SInv    .            (no boots)
Will    .....        (no amulet)
Stlth   +            (no ring)
HPRegen 0.24/turn    (no ring)
MPRegen 0.08/turn

%: no passive effects
@: no status effects
A: horns 2, retaliatory headbutt
a: no special abilities


You were on level 3 of the Dungeon.
You visited 1 branch of the dungeon, and saw 3 of its levels.

You collected 173 gold pieces.


Innate Abilities, Weirdness & Mutations

You have a pair of horns on your head.
You reflexively headbutt those who attack you in melee.


   Skills:
 - Level 2.0 Fighting
 + Level 3.9 Ranged Weapons
 - Level 2.1 Dodging
 - Level 1.0 Spellcasting
 - Level 2.0 Hexes


You had 3 spell levels left.
You knew the following spells:

 Your Spells              Type           Power      Damage    Failure   Level
a - Slow                  Hex            16%        N/A       16%         1

Your spell library contained the following spells:

 Spells                   Type           Power      Damage    Failure   Level
 Inner Flame              Hex/Fire       2%         N/A       56%         3
 Portal Projectile        Hex/Tloc       4%         N/A       56%         3
 Cause Fear               Hex            2%         N/A       83%         4

Inventory:

Hand Weapons
 Y - a +2 sling (weapon)
Armour
 c - a +0 robe (worn)
Scrolls
 b - a scroll of identify
 e - a scroll of fear {unknown}
 g - a scroll of immolation {unknown}
Potions
 a - a potion of mutation {unknown}
 d - a potion of enlightenment {unknown}
 f - a potion of berserk rage {unknown}

Dungeon Overview and Level Annotations

Branches:
Dungeon (3/15)

Altars:


Message History

The sling bullet hits the orc.
The orc is moderately wounded.
You shoot a sling bullet. The sling bullet hits the orc.
You kill the orc!
An orc wizard comes into view. It is wielding a +0 dagger.
1007 ||| Stepping ~*~*~tactically~*~*~ (outnumbered).
You see here 8 gold pieces.
You shoot a sling bullet.
The sling bullet closely misses the orc priest.
You shoot a sling bullet. The sling bullet hits the orc priest.
The orc priest is heavily wounded.
You shoot a sling bullet.
The sling bullet barely misses the orc priest.
You shoot a sling bullet. The sling bullet hits the orc.
The orc is severely wounded.
The orc priest calls upon Beogh to heal the orc.
The orc's wounds heal themselves!
You shoot a sling bullet. The sling bullet hits the orc.
The orc is heavily wounded.
You shoot a sling bullet.
The sling bullet completely misses the orc priest.
The orc priest calls upon Beogh to heal the orc.
The orc's wounds heal themselves!
The orc hits you with a +0 whip. x2
The orc priest hits you with a +0 hand axe!
You shoot a sling bullet.
The sling bullet closely misses the orc priest.
The orc hits you but does no damage.
The orc priest hits you with a +0 hand axe.
You shoot a sling bullet.
The sling bullet closely misses the orc priest.
The orc hits you with a +0 whip. The orc priest barely misses you.
You shoot a sling bullet. The sling bullet hits the orc priest.
The orc priest is severely wounded.
The orc hits you with a +0 whip.
The orc priest hits you with a +0 hand axe.
You shoot a sling bullet.
The sling bullet closely misses the orc priest.
The orc hits you with a +0 whip.
The orc priest hits you with a +0 hand axe.
You die...

... .# #.. .# #..
##. #.) #..
####$o#####.#
........##:#
###.o##.##.#######
#...o@...%.......#
#.########.#######
### #.##.. ..#
#.##.# #.# #.##.#
#.# #######.##.#
#.# ...........#
#.#
#######.#..######.#
#.........#.#


You could see an orc priest, an orc wizard and an orc.

Vanquished Creatures
  An adder (D:2)
  2 dart slugs (D:2)
  An orc (D:3)
  2 bats (D:2)
  3 endoplasms
  A giant cockroach (D:1)
  4 goblins
  2 hobgoblins (D:3)
  2 ball pythons
  A frilled lizard (D:3)
  4 kobolds
  4 rats
27 creatures vanquished.

Notes
Turn   | Place    | Note
-------+----------+-------------------------------------------
     0 | D:1      | qw the Minotaur Hexslinger began the quest for the Orb.
     0 | D:1      | Reached XP level 1. HP: 16/16 MP: 1/1
     0 | D:1      | 0 ||| qw: Version: 0.3-a-24-ga2abf7b
     0 | D:1      | 0 ||| qw: Game counter: 7034
     0 | D:1      | 0 ||| qw: Melee chars always use a shield: true
     0 | D:1      | 0 ||| qw: God list: Okawaru
     0 | D:1      | 0 ||| qw: Allow faded altars: false
     0 | D:1      | 0 ||| qw: Do Orc after clearing Dungeon:15 true
     0 | D:1      | 0 ||| qw: Do second Lair branch before Depths: true
     0 | D:1      | 0 ||| qw: Lair rune preference: random
     0 | D:1      | 0 ||| qw: Goals: Normal
     0 | D:1      | 0 ||| PLANNING D:1-11
   267 | D:1      | Reached skill level 3 in Ranged Weapons
   267 | D:1      | Reached XP level 2. HP: 23/23 MP: 2/2
   409 | D:1      | 409 ||| READING scroll labelled REATWI PEUN.
   410 | D:1      | 410 ||| READING scroll labelled SIMUSAUHEA.
   411 | D:1      | 411 ||| DROPPING scroll of poison.
   430 | D:2      | 430 ||| STAIRDANCE
   675 | D:2      | Reached XP level 3. HP: 29/29 MP: 3/3
   745 | D:2      | 745 ||| READING scroll labelled ORUBRISARA.
   746 | D:2      | 746 ||| READING scroll labelled TUMNET KEJAUW.
  1007 | D:3      | 1007 ||| Stepping ~*~*~tactically~*~*~ (outnumbered).
  1017 | D:3      | HP: 6/29 [orc/+0 whip (5)]
  1018 | D:3      | Slain by an orc priest

Levels and vault maps discovered:
D:1:      nzn_arrival_water_spiral, layout_rooms, minivault_4
D:2:      layout_basic
D:3:      kennysheep_the_goblin_king, layout_loops_ring, kennysheep_slug_shrine,
          tso_metal_star, serial_shops, nicolae_shop_hallway_plus

Skill      XL: |  1  2 |
---------------+-------+-----
Ranged Weapons | 3 |  3.9
Fighting       | 2 |  2.0
Dodging        | |  2.1
Spellcasting   | |  1.0
Hexes          | |  2.0

Action                     || total
---------------------------++-------
   Fire: Sling             ||    95
    Use: Scroll            ||     4
 Armour: Robe              ||     5
  Dodge: Dodged            ||    17

Table legend:
 A = Non-vault XP
 B = Vault XP
 C = Vault XP percentage of total XP
 D = Non-vault monster count
 E = Vault monster count
 F = Vault count percentage of total count
                 A         B        C        D         E       F
            +---------+---------+-------+---------+---------+-------
      Total |      61 |       0 |   0.0 |      27 |       0 |   0.0
            +---------+---------+-------+---------+---------+-------
        D:1 |      13 |       0 |   0.0 |       8 |       0 |   0.0
        D:2 |      36 |       0 |   0.0 |      12 |       0 |   0.0
        D:3 |      12 |       0 |   0.0 |       7 |       0 |   0.0
            +---------+---------+-------+---------+---------+-------
